 Dungeon Crawl Stone Soup version 0.13-b1-33-g94b2e5f (webtiles) character file.

165 Lilouch the Skirmisher (level 3, -6/30 HPs)
             Began as a Mummy Fighter on Oct 7, 2013.
             Killed by divine providence
             ... invoked by an orc priest
              (13 damage)
             ... on Level 1 of the Dungeon.
             The game lasted 00:21:06 (14074 turns).

Lilouch the Skirmisher (Mummy Fighter)             Turns: 14074, Time: 00:21:06

HP  -6/30        AC  9     Str 19      XL: 3   Next: 89%
MP   2/2         EV  7     Int  7      God:
Gold 102         SH 18     Dex 12      Spells:  0 memorised,  2 levels left

Res.Fire  : x . .   See Invis. : .   a - +0 falchion
Res.Cold  : + + .   Warding    : .   e - +4 elf ring mail {rC+}
Life Prot.: + + +   Conserve   : .   c - +0 shield
Res.Poison: +       Res.Corr.  : .   (no helmet)
Res.Elec. : .       Clarity    : .   (no cloak)
Sust.Abil.: . .     Spirit.Shd : .   (no gloves)
Res.Mut.  : .       Stasis     : .   (no boots)
Res.Rott. : +       Flight     : .   (no amulet)
Saprovore : . . .                    (no ring)
                                     (no ring)

@: slightly resistant to hostile enchantments, extremely unstealthy
A: no food or potions, fire vulnerability, restore body, cold resistance 1, life
protection 3, poison resistance, torment resistance, unbreathing
a: no special abilities


You were on level 1 of the Dungeon.
You were not hungry.

You visited 1 branch of the dungeon, and saw 2 of its levels.

You collected 82 gold pieces.

Inventory:

Hand weapons
 a - a +0,+0 falchion (weapon)
 j - a +0,+0 sling
 q - a +0,+0 sling
Missiles
 h - 23 darts (quivered)
 k - 39 stones
 n - 16 sling bullets
 s - 6 javelins of penetration
Armour
 b - a +0 scale mail
 c - a +0 shield (worn)
 e - a +4 elven ring mail of cold resistance (worn)
Comestibles
 d - 2 bread rations
 f - a choko
 g - a meat ration
Scrolls
 i - a scroll of amnesia {unknown}
 m - a scroll of identify {unknown}
 t - 2 scrolls of teleportation {unknown}
Jewellery
 p - an uncursed ring of protection from cold {unknown}
Potions
 l - a potion of invisibility {unknown}
 o - a potion of slowing {unknown}
 r - a potion of brilliance {unknown}


   Skills:
 - Level 3.0 Fighting
 * Level 2.9 Long Blades
 + Level 2.6 Armour
 + Level 2.9 Shields


You had 2 spell levels left.
You didn't know any spells.

Dungeon Overview and Level Annotations

Branches:
Dungeon (2/27)

Altars:


Innate Abilities, Weirdness & Mutations

You do not eat or drink.
Your flesh is vulnerable to fire.
Your flesh is cold resistant.
You are immune to negative energy.
Your system is resistant to poisons.
You are immune to unholy pain and torment.
You can survive without breathing.


Message History

The orc priest hits you but does no damage.
You hit the orc priest.
The orc priest is moderately wounded.
The orc priest calls down the wrath of Beogh upon you.
Something smites you!
You hit the orc priest but do no damage.
The orc priest is moderately wounded.
The orc priest hits you but does no damage.
The orc priest calls down the wrath of Beogh upon you.
Something smites you!
* * * LOW HITPOINT WARNING * * *
You closely miss the orc priest.
The orc priest is moderately wounded.
The orc priest calls down the wrath of Beogh upon you.
You are unaffected.
You hit the orc priest but do no damage.
The orc priest is moderately wounded.
The orc priest calls down the wrath of Beogh upon you.
Something smites you!
You die...

..≈..≈≈≈≈≈..≈≈≈..≈...#.#
#≈.≈#.≈.≈.##.≈.###...#.#
######.≈.####.## #####.#
######################.#
.......................#
######..#..####..##.####
###..#..####..##.#############
#............>o..))...........
###.#.......#.@################
#........##.#..#
#.#.#.#..##.#..####
#.#.#.#........##.#
#.#....#....##.##.# ####
#.####.#####......# #...
#......# #.#.##.# #... ########
#.#.##.# #... #...# #.#.##.#
#...


You could see an orc priest.

Vanquished Creatures
  An adder (D:2)
  2 orcs (D:1)
  14 bats
  2 giant cockroaches (D:2)
  7 hobgoblins
  6 goblins
  2 jackals (D:2)
  8 kobolds
  10 rats
52 creatures vanquished.

Notes
Turn   | Place    | Note
--------------------------------------------------------------
     0 | D:1      | Lilouch, the Mummy Fighter, began the quest for the Orb.
     0 | D:1      | Reached XP level 1. HP: 18/18 MP: 0/0
    37 | D:1      | epsilon: файтинг выключи
    41 | D:1      | Lilouch: gjx^&
    41 | D:1      | epsilon: он тебе в начале игры погоды не сделает
    41 | D:1      | Lilouch: почему?
    41 | D:1      | epsilon: и упор на клинки
   101 | D:1      | epsilon: ты за уровень файтинга будешь ща получать 0.3~1 хп
   196 | D:1      | epsilon: а каждый уровень клинков будет повышать скорость атаки процентов на 10
   247 | D:1      | epsilon: можешь попробовать
   249 | D:1      | epsilon: она может быть проклятой, а может быть точеной
   249 | D:1      | Lilouch: точеная думаеш может быть лучше моей?
   249 | D:1      | epsilon: если проклятая, то вряд ли с отрицательными статами, но не показатель
   249 | D:1      | epsilon: запросто
   249 | D:1      | Lilouch: хм
   261 | D:1      | epsilon: та же броня будет, но больше EV
   261 | D:1      | epsilon: вот
   261 | D:1      | Lilouch: угу
   261 | D:1      | epsilon: круче на голову
   261 | D:1      | epsilon: повезло
   261 | D:1      | Lilouch: а че за колд резист?
   261 | D:1      | Lilouch: где он отображается
   261 | D:1      | epsilon: ты не поверишь
   261 | D:1      | Lilouch: поверю
   261 | D:1      | Lilouch: просто ГДЕ ОН ОТОБРАЖАЕШСЯ?
   261 | D:1      | Lilouch: ется*
   261 | D:1      | epsilon: а я не помню, как экран статистики открыть
   263 | D:1      | epsilon: ?
   263 | D:1      | epsilon: введи
   263 | D:1      | epsilon: ещё ращ
   263 | D:1      | epsilon: пздц
   263 | D:1      | epsilon: два раза вопросительный знак введи, блеа
   263 | D:1      | Lilouch: ))))
   263 | D:1      | epsilon: да ладно!
   263 | D:1      | Lilouch: макс у мя раскладка епанутая так что не кричи
   263 | D:1      | Lilouch: я порой забываю какой там язык\
   263 | D:1      | epsilon: % попробуй
   263 | D:1      | epsilon: не тут
   263 | D:1      | epsilon: на стандартном скрине
   263 | D:1      | epsilon: пздц
   263 | D:1      | epsilon: ВЫЙДИ ИЗ ХЕЛПА БЛЕА
   302 | D:1      | epsilon: и вот тут введи проценты
   310 | D:1      | epsilon: тада
   310 | D:1      | epsilon: -
   322 | D:1      | epsilon: мути резист к огню
   322 | D:1      | epsilon: можешь ценой резиста к холоду
   322 | D:1      | epsilon: колечки огня есть
   322 | D:1      | Lilouch: ага
   322 | D:1      | Lilouch: ща найду
   322 | D:1      | Lilouch: торка
   322 | D:1      | Lilouch: !
   367 | D:1      | epsilon: кстати в твоей кольчуге можно колдовать без проблем
   369 | D:1      | epsilon: ибо эльфийская
   369 | D:1      | Lilouch: поч?
   369 | D:1      | Lilouch: она какойто бонус дает,
   369 | D:1      | Lilouch: ?
   369 | D:1      | epsilon: она режет меньше
   369 | D:1      | Lilouch: аа
   369 | D:1      | epsilon: у этой штраф как у кожаной брони
   369 | D:1      | epsilon: т.е. почти нулевой
   381 | D:1      | Reached XP level 2. HP: 24/24 MP: 1/1
   400 | D:1      | epsilon: можешь намутить ~11 инты и пользоваться базовой магией
   402 | D:1      | Lilouch: и че там будет?
   402 | D:1      | epsilon: много чего
   402 | D:1      | Lilouch: типа видиш противника и сразу куяк-фаер бол?
   402 | D:1      | epsilon: фаербол хайлвл
   402 | D:1      | Lilouch: не дожидаясь пока подойдет)
   402 | D:1      | Lilouch: *
   402 | D:1      | epsilon: 5й вроде
   402 | D:1      | Lilouch: оке а че та м на лоу лвл?
   402 | D:1      | epsilon: такое тоже есть
   444 | D:1      | epsilon: но полезнее будут баффы
   542 | D:1      | epsilon: ускорение, полёт, репел мислс
   713 | D:2      | epsilon: и тактические заклы - мефитик клауд и конжур флэйм
   713 | D:2      | epsilon: они вообще чудеса творят
   713 | D:2      | Lilouch: че это?
   713 | D:2      | Lilouch: какието на местность
   713 | D:2      | Lilouch: ?
   808 | D:2      | epsilon: мефитик клауд - вонючая туча, 3х3 размером, которая может сконфузить любого не имунного к яду
   871 | D:2      | epsilon: т.к. ты иммунен к яду - можешь кидать под себя
   872 | D:2      | Lilouch: а вонфуз долгод лится?
   872 | D:2      | Lilouch: длится*
   872 | D:2      | epsilon: как повезет
  1220 | D:1      | epsilon: прилично, чтобы иметь возможность пинать и повторно кидать заклинание
  1234 | D:1      | epsilon: а конжур флейм создает пламя в указанной клетке, если там не стоит враг.
  1313 | D:1      | epsilon: по началу используется для перекрытия коридоров, но потом враги начинают борзеть и соваться в огонь. А урону он наносит нихрена не на 3й уровень заклинания
  1313 | D:1      | Lilouch: он типа дефает или просто кто пройдет по нему-начнет гореть?
  1313 | D:1      | epsilon: кто сунется в клетку - тому пиздец
  1313 | D:1      | epsilon: ближе к этому
  1313 | D:1      | Lilouch: sssss
  1313 | D:1      | epsilon: кем бы они себя не считали
  1313 | D:1      | Lilouch: а мне тоже?
  1313 | D:1      | epsilon: да
  1313 | D:1      | epsilon: но ты же не идиот
  1313 | D:1      | Lilouch: ( тада надо кидать не под себя
  1313 | D:1      | Lilouch: ^_^
  1313 | D:1      | epsilon: под себя и нельзя
  2664 | D:1      | epsilon: только пустые клетки
  4796 | D:1      | epsilon: так, для инфы
  5069 | D:1      | Lilouch: для мечей нужна сила или ловк?*
  5069 | D:1      | Lilouch: ловк наверно
  5069 | D:1      | epsilon: твой предыдущий мумий мог бы вполне замочить одного глубинного тролля, если бы владел этим заклом
  5069 | D:1      | epsilon: не особо играет роль
  5069 | D:1      | Lilouch: мй предыдущий мумий сдох(
  5069 | D:1      | epsilon: 60/40 в пользу ловкости
  5069 | D:1      | Lilouch: как и все преддыдущие мумии
  5069 | D:1      | Reached XP level 3. HP: 30/30 MP: 2/2
  5070 | D:1      | epsilon: на самом деле, роль в уроне мизерная - можешь не париться
  6508 | D:1      | epsilon: если хочешь носить тяж броню - качай силу, пока эдак 30 не наберёшь
  7178 | D:1      | epsilon: если не хочешь - качай инту
  8518 | D:1      | epsilon: ловкость влияет на додж, но у тебя ему неоткуда взяться
  8518 | D:1      | epsilon: так же как и стелсу
  8905 | D:1      | Lilouch: а на атак спид или еще чтото для атаки не влияет?
  8905 | D:1      | Lilouch: во например на точность
  8905 | D:1      | Lilouch: !
 11241 | D:1      | Noticed a freezing wraith
 11335 | D:2      | epsilon: на точность и сила влияет
 11340 | D:2      | epsilon: от типа оружия зависит
 11468 | D:2      | epsilon: ловкость влияет на увороты и стелс, в основном
 11468 | D:2      | Lilouch: слух а чтоб камнями швырятся надо рогатку в руки взять?
 11468 | D:2      | Lilouch: или она будет как дротики работать?
 11468 | D:2      | epsilon: камнями можешь просто кидаться
 11468 | D:2      | epsilon: или пращой
 11468 | D:2      | epsilon: праща лучше
 11468 | D:2      | epsilon: руки проще
 11468 | D:2      | Lilouch: тоесть как дротиками просто или одеть пращю чтоб стрелять сильнее
 11468 | D:2      | Lilouch: оке
 11493 | D:2      | epsilon: или не собирать мусор
 11610 | D:2      | epsilon: ловкость ещё немного влияет на эффективность щитов
 11610 | D:2      | Lilouch: а у мя щас же нет клива да?
 11610 | D:2      | epsilon: нету
 11610 | D:2      | Lilouch: оке попытаюсь учесть
 11610 | D:2      | epsilon: он тебе в 90% случаев не нужен
 11610 | D:2      | Lilouch: ну жа-всеравно тут по коридорам ползаю)
 11610 | D:2      | epsilon: т.к. бой в котором ты окружён - хреновый бой
 14074 | D:1      | Killed from afar by an orc priest

Action                   || total
-------------------------++-------
Melee: Falchion          ||   180
